 Seeded DCSS version 0.29.1-15-g9cfb28693d (webtiles) character file.

Game seed: 8515177902725472229 (custom seed)

281858 bmack86 the Impregnable (level 19, 0/185 HPs)
             Began as a Minotaur Fighter on Apr 24, 2023.
             Was the Champion of Okawaru.
             Killed from afar by a rakshasa (2 damage)
             ... with a lance of force
             ... in a wizard's laboratory.
             The game lasted 01:25:00 (30100 turns).

bmack86 the Impregnable (Minotaur Fighter)         Turns: 30100, Time: 01:25:00

Health: 0/185      AC: 45    Str: 24    XL:     19   Next: 72%
Magic:  29/29      EV: 10    Int: 10    God:    Okawaru [******]
Gold:   1427       SH: 28    Dex: 14    Spells: 18/18 levels left

rFire   . . .      SeeInvis +   X - +9 broad axe "Gadif" {elec, rC++ rCorr Int-2 Stlth+}
rCold   + + +      Faith    .   a - +2 tower shield {rPois}
rNeg    . . .      Spirit   .   b - +5 crystal plate armour {rC+}
rPois   +          Reflect  +   J - +2 hat {Will+}
rElec   +          Harm     .   K - +1 cloak "Neugueps" {rElec Regen+ Dex+9 Stlth-}
rCorr   +          Rampage  .   i - +0 pair of gloves of Fuisch {rElec Str-5 Int+7 SInv}
Will    +++++      Rnd*Tele +   T - +3 pair of mountain boots {steadfast, rC+}
Stlth   ..........              q - amulet of Hujiephu {Reflect Will+++ Regen+ Dex-5 SH+5 SInv}
HPRegen 2.00/turn               H - ring of flight
MPRegen 0.21/turn               S - ring of Yvaefin {rElec EV+4 Slay+4}

@: flying, studying Ice Magic
A: horns 2, retaliatory headbutt, teleportitis 1
}: 2/15 runes: decaying, gossamer
a: Renounce Religion, Heroism, Finesse, Duel


You were in a wizard's laboratory.
You worshipped Okawaru.
Okawaru was exalted by your worship.
You visited 7 branches of the dungeon, and saw 35 of its levels.
You also visited: Ice Cave, Volcano and Wizlab.

You collected 4863 gold pieces.
You spent 3436 gold pieces at shops.

Inventory:

Hand Weapons
 r - a +9 vorpal broad axe
 P - a +5 broad axe of flaming
 X - the +9 broad axe "Gadif" (weapon) {elec, rC++ rCorr Int-2 Stlth+}
   (Okawaru gifted it to you on level 1 of the Vaults)

   It occasionally discharges a powerful burst of electricity upon striking a
   foe.
   Int:       It affects your intelligence (-2).
   rC:        It greatly protects you from cold.
   rCorr:     It protects you from acid and corrosion.
   Stlth:     It makes you more stealthy.
Missiles
 d - 13 javelins
 n - 21 poisoned darts
 p - 7 throwing nets
 z - 3 boomerangs (quivered)
 Q - 4 silver javelins
 U - 3 curare-tipped darts
Armour
 a - a +2 tower shield of poison resistance (worn)
 b - a +5 crystal plate armour of cold resistance (worn)
 i - the +0 pair of gloves of Fuisch (worn) {rElec Str-5 Int+7 SInv}
   (You found it on level 2 of the Lair of Beasts)

   Str:       It affects your strength (-5).
   Int:       It affects your intelligence (+7).
   rElec:     It insulates you from electricity.
   SInv:      It lets you see invisible.
 J - a +2 hat of willpower (worn)
 K - the +1 cloak "Neugueps" (worn) {rElec Regen+ Dex+9 Stlth-}
   (You acquired it on level 4 of the Lair of Beasts)

   Dex:       It affects your dexterity (+9).
   rElec:     It insulates you from electricity.
   Regen:     It increases your rate of health regeneration.
   Stlth:     It makes you less stealthy.
 T - the +3 pair of mountain boots (worn) {steadfast, rC+}
   (Okawaru gifted it to you on level 3 of the Spider Nest)

   It prevents involuntary movement, except for blinking, teleportation, or
   banishment.
   rC:        It protects you from cold.
 V - a +5 plate armour of poison resistance
Jewellery
 l - an amulet of faith
 q - the amulet of Hujiephu (around neck) {Reflect Will+++ Regen+ Dex-5 SH+5 SInv}
   (You acquired it on level 2 of the Dungeon)

   [amulet of reflection]

   It reflects blocked missile attacks.
   Dex:       It affects your dexterity (-5).
   SInv:      It lets you see invisible.
   Regen:     It increases your rate of health regeneration.
   SH:        It affects your SH (+5).
   Will:      It greatly increases your willpower.
 B - the ring "Totui" {rF+ Int+6 Dex-4 Slay+4}
   (You found it on level 3 of the Swamp)

   [ring of intelligence]

   Int:       It affects your intelligence (+6).
   Dex:       It affects your dexterity (-4).
   Slay:      It affects your accuracy & damage with ranged weapons and melee
   (+4).
   rF:        It protects you from fire.
 H - a ring of flight (left hand)
 I - the ring of Zuackout {rPois rC+ Int+6}
   (You acquired it on level 3 of the Swamp)

   [ring of protection from cold]

   Int:       It affects your intelligence (+6).
   rC:        It protects you from cold.
   rPois:     It protects you from poison.
 L - a +6 ring of strength
 M - a ring of ice
 O - a +4 ring of slaying
 R - a ring of poison resistance
 S - the ring of Yvaefin (right hand) {rElec EV+4 Slay+4}
   (You bought it in a shop on level 2 of the Orcish Mines)

   [ring of evasion]

   EV:        It affects your evasion (+4).
   Slay:      It affects your accuracy & damage with ranged weapons and melee
   (+4).
   rElec:     It insulates you from electricity.
Wands
 s - a wand of acid (13)
 u - a wand of digging (5)
 y - a wand of paralysis (18)
 D - a wand of iceblast (52)
 E - a wand of mindburst (42)
 G - a wand of flame (76)
Scrolls
 k - 3 scrolls of blinking
 o - 20 scrolls of teleportation
 t - 5 scrolls of identify
 v - 4 scrolls of poison
 w - 8 scrolls of fear
 x - a scroll of magic mapping
 N - a scroll of silence
Potions
 c - 4 potions of might
 e - 21 potions of curing
 f - 6 potions of haste
 g - 3 potions of ambrosia
 h - 2 potions of invisibility
 j - 7 potions of heal wounds
 m - 4 potions of magic
 A - 3 potions of cancellation
 C - a potion of berserk rage
 F - 6 potions of brilliance


   Skills:
 + Level 20.0 Fighting
 - Level 18.0 Axes
 - Level 10.0 Throwing
 + Level 22.6 Armour
 + Level 20.0 Shields
 - Level 15.0 Invocations


You had 18 spell levels left.
You didn't know any spells.
Your spell library contained the following spells:

 Spells                   Type           Power      Damage    Failure   Level
 Beastly Appendage        Tmut           0%         N/A       100%        1
 Magic Dart               Conj           0%         1d3       100%        1
 Necrotise                Necr           0%         1d4       100%        1
 Shock                    Conj/Air       0%         1d3       100%        1
 Slow                     Hex            0%         N/A       100%        1
 Ensorcelled Hibernation  Hex/Ice        0%         N/A       100%        2
 Passwall                 Tmut/Erth      0%         N/A       100%        2
 Poisonous Vapours        Pois/Air       0%         N/A       100%        2
 Searing Ray              Conj           0%         2d4       100%        2
 Static Discharge         Conj/Air       0%         3-3/arc   100%        2
 Wereblood                Tmut           0%         N/A       100%        2
 Confusing Touch          Hex            0%         N/A       100%        3
 Frozen Ramparts          Ice            0%         1d1       100%        3
 Ignite Poison            Fire/Tmut/Pois 0%         N/A       100%        3
 Inner Flame              Hex/Fire       0%         N/A       100%        3
 Mephitic Cloud           Conj/Pois/Air  0%         N/A       100%        3
 Portal Projectile        Hex/Tloc       0%         N/A       100%        3
 Spider Form              Tmut/Pois      0%         N/A       100%        3
 Swiftness                Air            0%         N/A       100%        3
 Vampiric Draining        Necr           0%         2d6       100%        3
 Airstrike                Air            0%         2d(0-16)  100%        4
 Cause Fear               Hex            0%         N/A       100%        4
 Corpse Rot               Necr/Pois/Air  0%         N/A       100%        4
 Fulminant Prism          Conj/Hex       0%         3d6       100%        4
 Ice Form                 Ice/Tmut       0%         N/A       100%        4
 Iskenderun's Mystic Bla  Conj/Tloc      0%         2d3       100%        4
 Leda's Liquefaction      Hex/Erth       0%         N/A       100%        4
 Olgreb's Toxic Radiance  Pois           0%         N/A       100%        4
 Passage of Golubria      Tloc           0%         N/A       100%        4
 Agony                    Necr           0%         N/A       100%        5
 Freezing Cloud           Conj/Ice/Air   0%         6-21      100%        5
 Lee's Rapid Deconstruct  Erth           0%         3d5*      100%        5
 Lightning Bolt           Conj/Air       0%         1d11      100%        5
 Silence                  Hex/Air        0%         N/A       100%        5
 Orb of Destruction       Conj           0%         9d5       100%        7
 Ozocubu's Refrigeration  Ice            0%         4d7       100%        7
 Borgnjor's Revivificati  Necr           0%         N/A       100%        8
 Discord                  Hex            0%         N/A       100%        8
 Ignition                 Fire           0%         3d3       100%        8
 Lehudib's Crystal Spear  Conj/Erth      0%         10d2      100%        8
 Maxwell's Capacitive Co  Air            0%         ∞         100%        8
 Necromutation            Tmut/Necr      0%         N/A       100%        8
 Chain Lightning          Conj/Air       0%         N/A       100%        9
 Death's Door             Necr           0%         N/A       100%        9
 Fire Storm               Conj/Fire      0%         5d1       100%        9
 Shatter                  Erth           0%         3d5*      100%        9
 Call Canine Familiar     Summ           Unusable   N/A       N/A         3
 Summon Guardian Golem    Hex/Summ       Unusable   N/A       N/A         3
 Summon Ice Beast         Ice/Summ       Unusable   N/A       N/A         4
 Summon Lightning Spire   Summ/Air       Unusable   N/A       N/A         4
 Spellforged Servitor     Conj/Summ      Unusable   N/A       N/A         7

Dungeon Overview and Level Annotations

Branches:
Dungeon (15/15)            Temple (1/1) D:7            Lair (5/5) D:10
  Swamp (4/4) Lair:3       Spider (4/4) Lair:2        Slime (0/5) Lair:4
    Orc (2/2) D:10            Elf (0/3) Orc:2        Vaults (4/5) D:14
  Crypt (0/3) Vaults:3     Depths (0/4) D:15          IceCv (visited)
Volcano (visited)          WizLab (1/1)

Altars:
Ashenzari
Cheibriados
Dithmenos
Elyvilon
Fedhas
Gozag
Hepliaklqana
Makhleb
Nemelex Xobeh
Okawaru
Trog
Uskayaw
Vehumet
Xom
Yredelemnul
Zin
The Shining One
Jiyva

Shops:
D:2 *   D:5 **   D:7 =   D:8 ?   Orc:1 (?=   Orc:2 [(*=   Vaults:1 [

Annotations:
D:6 3 runed translucent doors, Taurus's ghost, novice MiFi
D:12 3 runed translucent doors, Otem's ghost, journeyman VSIE
Lair:4 exclusion: 2 oklob plants


Innate Abilities, Weirdness & Mutations

You have a pair of horns on your head.
You reflexively headbutt those who attack you in melee.
You are occasionally teleported next to monsters.


Message History

The rakshasa weaves an illusion.
The +1 triple crossbow of penetration shimmers and seems to become two!
You block the rakshasa's attack.
The rakshasa hits you but does no damage.
The +1 triple crossbow of penetration shoots a bolt.
The bolt pierces through you!!
The +1 triple crossbow of penetration shoots a bolt.
The bolt pierces through you but does no damage.
Things that are here:
a +0 whip; a +0 robe The rakshasa gestures at you.
The lance of force misses you.
There is a dry fountain, spattered with blood here.
You barely miss the rakshasa.
The rakshasa is severely wounded.
You slash the +1 triple crossbow of penetration!
You destroy the +1 triple crossbow of penetration!
The +1 triple crossbow of penetration shimmers and vanishes!
The rakshasa blinks!
The +1 triple crossbow of penetration shoots a bolt.
The bolt barely misses you.
The +1 triple crossbow of penetration shoots a bolt.
The bolt closely misses you.
The +1 triple crossbow of penetration shoots a bolt.
The bolt pierces through you!!!
You barely miss the +1 triple crossbow of penetration.
The +1 triple crossbow of penetration is moderately damaged.
You slash the +1 triple crossbow of penetration!
You destroy the +1 triple crossbow of penetration!
The +1 triple crossbow of penetration shimmers and vanishes!
You slice the rakshasa!!
The +1 triple crossbow of penetration shoots a bolt.
The bolt pierces through you!!
* * * LOW HITPOINT WARNING * * *
The +1 triple crossbow of penetration shoots a bolt.
The bolt pierces through you!!
* * * LOW HITPOINT WARNING * * *
The rakshasa gestures at you. The lance of force hits you.
You die...

#..###.....###.
###...### ###'###
###.).###
##.....##
##.....##
##..)..##
##.§⌠..## #
##(.@..## #..
##..(R.## .
#...###)....###...
#...))....#
#.....##.##.....#
#++####...####++#
##.. ##.....## ..#
#.. ##..⌠..## #.
##.....##


You could see a rakshasa and 2 dancing weapons.

Vanquished Creatures
  Mara (Vaults:2)
  Frederick (Vaults:2)
  Nikola (Swamp:1)
  Arachne (Spider:3)
  Jorgrun (D:15)
  Rupert (D:13)
  A lich (IceCv)
  The ghost of Adwoimy the Warrior, an adept OpSu of Gozag (Swamp:3)
  Gastronok (D:8)
  Kirke (D:14)
  Agnes (Spider:1)
  5 sphinxes
  The ghost of Wauxiq the Severer, an adept DsFi of Gozag (Spider:3)
  2 thorn hunters (Swamp:4)
  A tengu reaver (Vaults:3)
  Donald (Spider:3)
  A frost giant (D:15)
  2 ghost moths
  5 emperor scorpions
  Louise (D:14)
  Aizul (Vaults:2)
  6 vault wardens
  A war gargoyle (Vaults:1)
  2 broodmothers
  A stone giant (Vaults:3)
  4 very ugly things (Vaults:1)
  4 ironbound thunderhulks
  10 ironbound preservers
  The ghost of Vufrucs the Grappler, a journeyman DrTm of Wu Jian (Lair:4)
  2 vampire knights (Vaults:3)
  A deep elf demonologist (Vaults:3)
  3 eleionomae
  5 bunyips (Swamp:1)
  2 spark wasps (Spider:2)
  A dire elephant (Vaults:1)
  3 entropy weavers
  Azrael (D:13)
  Snorg (Orc:1)
  4 yaktaur captains
  A deep elf death mage (Vaults:3)
  A great orb of eyes (Vaults:3)
  A deep elf high priest (Vaults:3)
  2 shambling mangroves
  A spectral fenstrider witch (Swamp:3)
  A fire dragon (Lair:5)
  2 rakshasas (WizLab)
  4 caustic shrike simulacra (IceCv)
  Harold (Lair:2)
  5 ghost crabs
  8 boulder beetles
  22 hydras
  A catoblepas (Lair:4)
  4 vault guards (Vaults:1)
  Fannar (Orc:1)
  A peacekeeper (Vaults:1)
  3 jorogumos (Spider:4)
  An ice dragon (D:15)
  3 ironbound frosthearts (Vaults:1)
  22 two-headed ogres
  11 centaur warriors
  5 ogre magi
  Erica (D:8)
  6 alligators
  3 dancing weapons (WizLab)
  A shock serpent (shapeshifter) (Vaults:2)
  2 vampire magi (Vaults:3)
  6 tengu warriors
  A hell knight (Volcano)
  5 spriggans
  3 pharaoh ants
  2 sun moths (Spider:4)
  21 deep trolls
  2 steelbarb worms
  3 spriggan druids
  5 orb spiders
  15 swamp dragons
  2 wizards
  11 bog bodies
  Pikel (D:8)
  15 lindwurms
  An obsidian statue (IceCv)
  12 ironbound convokers
  4 harpies (Vaults:3)
  A necromancer (IceCv)
  2 spriggan simulacra (IceCv)
  3 deep elf pyromancers
  23 ugly things
  3 orc knights
  An orc sorcerer (Orc:1)
  A spectral hydra (Swamp:3)
  12 wolf spiders
  5 cyclopes
  3 manticores
  2 will-o-the-wisps (Swamp:3)
  A moth of wrath (Spider:4)
  Maurice (D:13)
  11 black mambas
  2 ice statues (D:15)
  15 vault sentinels
  Joseph (D:8)
  2 gargoyles
  A guardian serpent (Lair:5)
  3 elephants (Lair:4)
  14 cane toads
  6 torpor snails
  A kobold demonologist (D:12)
  2 unseen horrors (D:10)
  Psyche (D:9)
  3 demonic crawlers
  Maggie (D:10)
  An unseen horror zombie (D:9)
  16 freezing wraiths
  12 komodo dragons
  5 rime drakes
  2 ice devils (IceCv)
  3 tengu conjurers (D:14)
  14 yaktaurs
  5 anaconda simulacra (IceCv)
  6 trolls
  3 golden dragon simulacra (IceCv)
  3 polar bears
  A hornet (shapeshifter) (D:14)
  13 hornets
  26 tarantellas
  20 blink frogs
  6 tyrant leeches
  Prince Ribbit (D:9)
  31 slime creatures
  A centaur simulacrum (D:14)
  15 culicivoras
  3 shadows
  14 jumping spiders
  15 wyverns
  A human (D:14)
  A vampire (D:10)
  A dire elephant simulacrum (IceCv)
  2 wraiths
  2 hogs (D:14)
  46 yaks
  Grum (D:10)
  A golden eye (shapeshifter) (D:13)
  11 fire bats
  39 redbacks
  The ghost of Kranky the Twirler, an amateur GnWn (D:4)
  3 steam dragons
  12 vampire mosquitoes
  6 basilisks
  5 wargs
  4 harpy simulacra (IceCv)
  11 swamp worms
  A hydra simulacrum (Swamp:3)
  3 acid dragons
  4 hell hounds (D:13)
  22 water moccasins
  3 ice beasts
  13 swamp drakes
  11 orc warriors
  2 black bears (Lair:3)
  2 ettin simulacra (IceCv)
  2 alligator simulacra (IceCv)
  7 wolves
  27 ogres
  21 centaurs
  5 bullfrogs
  2 deep troll simulacra (IceCv)
  A wyvern zombie (D:9)
  A gnoll sergeant (D:9)
  4 scorpions
  7 wights
  12 killer bees
  3 lindwurm simulacra (IceCv)
  3 electric eels (D:8)
  7 lava snakes (Volcano)
  3 jellies
  A hound (D:7)
  11 orc priests
  3 gnoll boudas
  9 iguanas
  14 orc wizards
  18 gnolls
  5 adders
  10 river rats (D:6)
  2 white imps
  2 ufetubi
  2 worms (Lair:2)
  3 dart slugs
  61 orcs
  5 ball pythons
  5 bats
  3 endoplasms
  6 giant cockroaches
  7 goblins
  8 hobgoblins
  5 jackals (D:2)
  8 quokkas
  4 frilled lizards
  4 kobolds
  23 rats
  9 briar patches (Swamp:4)
1184 creatures vanquished.

Vanquished Creatures (others)
  A bunyip (Swamp:1)
  A rakshasa (WizLab)
  A ghost crab (Swamp:3)
  A hydra (Swamp:4)
  An alligator (Swamp:1)
  A sun moth (Spider:3)
  A goliath frog (Swamp:3)
  A bog body (Swamp:3)
  A manticore (D:11)
  A will-o-the-wisp (Swamp:3)
  6 bloated husks
  An iguana (Lair:3)
  12 foxfires (Swamp:3)
  38 fungi
  79 plants
146 creatures vanquished.

Grand Total: 1330 creatures vanquished

Notes
Turn   | Place    | Note
-------+----------+-------------------------------------------
     0 | D:1      | bmack86 the Minotaur Fighter began the quest for the Orb.
     0 | D:1      | Reached XP level 1. HP: 19/19 MP: 0/0
   258 | D:1      | Reached XP level 2. HP: 27/27 MP: 1/1
   976 | D:2      | Identified a scroll of acquirement
   976 | D:2      | Acquired a manual of Armour
  1014 | D:2      | Reached skill level 4 in Armour
  1014 | D:2      | Reached XP level 3. HP: 33/33 MP: 2/2
  1250 | D:2      | Reached XP level 4. HP: 20/40 MP: 3/3
  1263 | D:2      | Acquired a +4 vampiric broad axe
  1266 | D:2      | Acquired the +2 plate armour of Wotsaxocw {rF+ Stlth+}
  1278 | D:2      | Acquired the amulet of Hujiephu {Reflect Will+++ Regen+
                  | Dex-5 SH+5 SInv}
  1420 | D:2      | Found a shimmering altar of Xom.
  1452 | D:2      | Found Vuamm's General Store.
  1592 | D:2      | Reached skill level 1 in Throwing
  1779 | D:3      | Found a faded altar of an unknown god.
  2405 | D:4      | Found a transporter.
  2407 | D:4      | Noticed Kranky's ghost (amateur GnWn)
  2435 | D:4      | Reached XP level 5. HP: 47/47 MP: 4/4
  2535 | D:4      | Found a transporter.
  2590 | D:4      | Reached skill level 5 in Armour
  2890 | D:5      | Entered Level 5 of the Dungeon
  3077 | D:5      | Reached XP level 6. HP: 53/53 MP: 5/5
  3112 | D:5      | Found a radiant altar of Vehumet.
  3162 | D:5      | Reached skill level 5 in Axes
  3247 | D:5      | Reached skill level 5 in Fighting
  3280 | D:5      | Noticed a water moccasin
  3288 | D:5      | Killed a water moccasin
  3289 | D:5      | Reached skill level 6 in Armour
  3289 | D:5      | Reached skill level 5 in Shields
  3289 | D:5      | Reached XP level 7. HP: 61/61 MP: 6/6
  3499 | D:5      | Found Bylic's Specific Store.
  3503 | D:5      | Found Naef Ace's General Store.
  3589 | D:6      | Found a hazy altar of Hepliaklqana.
  3617 | D:6      | Found a runed translucent gate.
  3617 | D:6      | Found a runed translucent gate.
  3617 | D:6      | Found a runed translucent gate.
  3618 | D:6      | Noticed Taurus's ghost (novice MiFi)
  3721 | D:6      | Noticed a steam dragon
  3724 | D:6      | Killed a steam dragon
  3754 | D:6      | Reached skill level 7 in Armour
  3942 | D:6      | Noticed a troll
  3955 | D:6      | Killed a troll
  3956 | D:6      | Reached XP level 8. HP: 23/70 MP: 7/7
  4187 | D:6      | Reached skill level 8 in Armour
  4723 | D:7      | You fall into a shaft and drop 3 floors!
  4723 | D:10     | Entered Level 10 of the Dungeon
  4832 | D:9      | Noticed a two-headed ogre
  4844 | D:9      | Killed a two-headed ogre
  4845 | D:9      | Reached skill level 9 in Armour
  4845 | D:9      | Reached XP level 9. HP: 50/79 MP: 8/8
  4981 | D:9      | Noticed Prince Ribbit
  4988 | D:9      | Killed Prince Ribbit
  5394 | D:7      | Found the +0 staff of Battle
  5397 | D:7      | Found a shadowy altar of Dithmenos.
  5470 | D:8      | Noticed Joseph
  5481 | D:8      | Killed Joseph
  5482 | D:8      | Reached skill level 5 in Throwing
  5529 | D:8      | Noticed Pikel
  5543 | D:8      | Killed Pikel
  5544 | D:8      | Reached skill level 10 in Axes
  5544 | D:8      | Reached skill level 10 in Armour
  5582 | D:8      | Found Zilis's Magic Scroll Shoppe.
  5927 | D:7      | Identified the +2 long sword "Widowermaker" {vorpal, rN+
                  | Str+3}
  5931 | D:7      | Found Zauzocer's Jewellery Emporium.
  5936 | D:7      | Bought a ring of flight for 245 gold pieces
  6092 | D:7      | Found a staircase to the Ecumenical Temple.
  6105 | Temple   | Entered the Ecumenical Temple
  6111 | Temple   | Became a worshipper of Warmaster Okawaru
  6296 | D:8      | Found a glowing silver altar of Zin.
  6314 | D:8      | Reached XP level 10. HP: 88/88 MP: 9/9
  6337 | D:8      | Noticed Gastronok
  6353 | D:8      | Killed Gastronok
  6353 | D:8      | Reached * piety under Okawaru
  6354 | D:8      | Reached skill level 1 in Invocations
  6379 | D:8      | Noticed a cyclops
  6382 | D:8      | Noticed a two-headed ogre
  6428 | D:8      | Killed a two-headed ogre
  6428 | D:8      | Reached ** piety under Okawaru
  6429 | D:8      | Reached skill level 11 in Armour
  6436 | D:8      | Killed a cyclops
  6517 | D:8      | Found a snail-covered altar of Cheibriados.
  6819 | D:8      | Noticed Erica
  6830 | D:8      | Killed Erica
  6830 | D:8      | Reached *** piety under Okawaru
  6900 | D:9      | Noticed Psyche
  6903 | D:9      | Killed Psyche
  7023 | D:9      | Received a gift from Okawaru
  7024 | D:9      | Reached XP level 11. HP: 91/94 MP: 12/12
  7472 | D:9      | Found a basalt altar of Yredelemnul.
  7622 | D:10     | Reached skill level 12 in Armour
  7629 | D:10     | Found a burning altar of Makhleb.
  7635 | D:10     | Reached **** piety under Okawaru
  7756 | D:10     | Found a blossoming altar of Fedhas.
  7779 | D:10     | Found a staircase to the Lair.
  7971 | D:10     | Noticed Maggie
  7980 | D:10     | Killed Maggie
  8074 | D:10     | Reached ***** piety under Okawaru
  8127 | D:10     | Noticed Grum
  8142 | D:10     | Killed Grum
  8273 | D:10     | Found a staircase to the Orcish Mines.
  8549 | D:10     | Identified the +0 steam dragon scales of Puw Fen {Harm}
                  | (Okawaru gifted it to you on level 10 of the Dungeon)
  8549 | D:10     | Received a gift from Okawaru
  8905 | D:11     | Noticed a two-headed ogre
  8913 | D:11     | Killed a two-headed ogre
  8914 | D:11     | Reached skill level 13 in Armour
  9113 | D:11     | Reached skill level 10 in Shields
  9261 | D:11     | Reached skill level 10 in Fighting
  9695 | D:12     | Noticed a purple ugly thing
  9711 | D:12     | Killed a purple ugly thing
  9712 | D:12     | Reached skill level 5 in Invocations
  9712 | D:12     | Reached XP level 12. HP: 96/106 MP: 12/14
 10007 | D:12     | Found a runed translucent gate.
 10007 | D:12     | Noticed a rockslime
 10008 | D:12     | Found a runed translucent gate.
 10008 | D:12     | Noticed an azure jelly
 10009 | D:12     | Noticed Otem's ghost (journeyman VSIE)
 10009 | D:12     | Noticed an azure jelly
 10010 | D:12     | Noticed an acid blob
 10010 | D:12     | Found a runed translucent gate.
 10010 | D:12     | Noticed an acid blob
 10010 | D:12     | Noticed an acid blob
 10010 | D:12     | Noticed an acid blob
 10010 | D:12     | Noticed an azure jelly
 10010 | D:12     | Noticed an acid blob
 10010 | D:12     | Noticed an azure jelly
 10298 | D:12     | Found a viscous altar of Jiyva.
 10371 | Lair:1   | Entered Level 1 of the Lair of Beasts
 10536 | Lair:1   | Noticed an eight-headed hydra
 10546 | Lair:1   | Killed a ten-headed hydra
 10550 | Lair:1   | Reached skill level 14 in Armour
 11434 | Lair:2   | Received a gift from Okawaru
 11443 | Lair:2   | Noticed a four-headed hydra
 11451 | Lair:2   | Killed a seven-headed hydra
 11465 | Lair:2   | Found a hole to the Spider Nest.
 11547 | Lair:2   | Noticed Harold
 11559 | Lair:2   | Killed Harold
 11627 | Lair:2   | Identified the +0 pair of gloves of Fuisch {rElec Str-5
                  | Int+7 SInv}
 11764 | Lair:2   | Identified the +3 mace "Cunoa" {venom, Will+ Stlth+}
 11903 | Lair:2   | Identified the +0 chain mail "Nicigref" {rPois}
 12203 | Lair:3   | Reached XP level 13. HP: 100/116 MP: 16/16
 12275 | Lair:3   | Found a staircase to the Swamp.
 12284 | Lair:3   | Reached skill level 15 in Armour
 12685 | Lair:3   | Reached skill level 15 in Axes
 13167 | Lair:4   | Found a burning altar of Makhleb.
 13524 | Lair:4   | Found a runed translucent gate.
 13524 | Lair:4   | Found a runed translucent gate.
 13525 | Lair:4   | Noticed Vufrucs's ghost (journeyman DrTm)
 13532 | Lair:4   | Found a runed translucent gate.
 13578 | Lair:4   | Acquired 654 gold pieces
 13580 | Lair:4   | Acquired the +1 cloak "Neugueps" {rElec Regen+ Dex+9
                  | Stlth-}
 13591 | Lair:4   | Acquired 777 gold pieces
 13601 | Lair:4   | Found a viscous altar of Jiyva.
 13601 | Lair:4   | Found a staircase to the Slime Pits.
 13971 | Lair:4   | Killed Vufrucs's ghost
 14040 | Lair:5   | Entered Level 5 of the Lair of Beasts
 14140 | Lair:5   | Identified the +3 ring mail "Taxerpha" {Int+4 Slay+3}
                  | (Okawaru gifted it to you on level 5 of the Lair of Beasts)
 14140 | Lair:5   | Received a gift from Okawaru
 14141 | Lair:5   | Reached skill level 16 in Armour
 14369 | Lair:5   | Reached XP level 14. HP: 108/126 MP: 18/18
 14893 | Lair:5   | Reached skill level 10 in Throwing
 15239 | Lair:5   | Received a gift from Okawaru
 15464 | Orc:1    | Entered Level 1 of the Orcish Mines
 15464 | Orc:1    | Noticed Snorg
 15464 | Orc:1    | Found Fuor Qua's Magic Scroll Shoppe.
 15465 | Orc:1    | Noticed Fannar
 15478 | Orc:1    | Killed Snorg
 15482 | Orc:1    | Killed Fannar
 15486 | Orc:1    | Reached ****** piety under Okawaru
 15491 | Orc:1    | Received a gift from Okawaru
 15492 | Orc:1    | Reached skill level 17 in Armour
 15572 | Orc:1    | Found Ysoy's Weapon Shop.
 15607 | Orc:1    | Found Ekutrual's Jewellery Boutique.
 15619 | Orc:1    | Bought a scroll of silence for 123 gold pieces
 15630 | Orc:1    | Bought a +4 ring of slaying for 1092 gold pieces
 15904 | Orc:1    | Found a dark tunnel.
 15926 | Volcano  | Entered a volcano
 16099 | Volcano  | Found a radiant altar of Vehumet.
 16135 | Volcano  | Found a radiant altar of Vehumet.
 16205 | Orc:2    | Entered Level 2 of the Orcish Mines
 16371 | Orc:2    | Received a gift from Okawaru
 16603 | Orc:2    | Received a gift from Okawaru
 16615 | Orc:2    | Received a gift from Okawaru
 16618 | Orc:2    | Reached XP level 15. HP: 102/136 MP: 15/20
 16638 | Orc:2    | Found Gaompaj's Antique Weapon Emporium.
 16638 | Orc:2    | Found Buregoir's Jewellery Shop.
 16639 | Orc:2    | Found Antoit's Armour Boutique.
 16639 | Orc:2    | Found Fekhlieff's Assorted Antiques.
 16662 | Orc:2    | Bought 2 potions of curing for 186 gold pieces
 16663 | Orc:2    | Bought a ring of poison resistance for 340 gold pieces
 16663 | Orc:2    | Bought the ring of Yvaefin {rElec EV+4 Slay+4} for 1135
                  | gold pieces
 16764 | Orc:2    | Found a staircase to the Elven Halls.
 17370 | D:13     | Noticed Maurice
 17373 | D:13     | Killed Maurice
 17630 | D:13     | Noticed Rupert
 17639 | D:13     | Killed Rupert
 17719 | D:13     | Noticed Azrael
 17729 | D:13     | Killed Azrael
 17850 | D:13     | Received a gift from Okawaru
 18022 | D:14     | Reached skill level 10 in Invocations
 18041 | D:14     | Found a gate to the Vaults.
 18054 | D:14     | Reached skill level 18 in Armour
 18070 | D:14     | Received a gift from Okawaru
 18084 | D:14     | Noticed Kirke
 18099 | D:14     | Killed Kirke
 18216 | D:14     | Identified the +0 robe of Duint {Regen+ Str+3} (Okawaru
                  | gifted it to you on level 14 of the Dungeon)
 18216 | D:14     | Received a gift from Okawaru
 18399 | D:14     | Noticed Louise
 18421 | D:14     | Killed Louise
 18581 | D:14     | Reached XP level 16. HP: 147/147 MP: 23/23
 18640 | D:15     | Entered Level 15 of the Dungeon
 18672 | D:15     | Found a frozen archway.
 18707 | IceCv    | Entered an ice cave
 18970 | IceCv    | Identified the +1 hat of the Equator {Int+9}
 18999 | IceCv    | Found an ancient bone altar of Kikubaaqudgha.
 19012 | IceCv    | Reached skill level 15 in Fighting
 19012 | IceCv    | Reached skill level 15 in Shields
 19027 | IceCv    | Received a gift from Okawaru
 19081 | IceCv    | Found the +4 skin of Zhor {*Englaciate rC+++ SInv}
 19149 | IceCv    | Noticed a lich
 19151 | IceCv    | Gained mutation: You are occasionally teleported next to
                  | monsters. [a neqoxec]
 19160 | IceCv    | Killed a lich
 19160 | IceCv    | Identified the +5 chain mail of a volcano {rF++ Str+4
                  | Dex-3} (Okawaru gifted it to you in an ice cave)
 19160 | IceCv    | Received a gift from Okawaru
 19522 | D:15     | Found a staircase to the Depths.
 19529 | D:15     | Reached skill level 19 in Armour
 19695 | D:15     | Noticed Jorgrun
 19704 | D:15     | Killed Jorgrun
 20092 | D:5      | Bought 3 scrolls of enchant armour for 315 gold pieces
 20131 | D:4      | Killed Kranky's ghost
 20415 | Swamp:1  | Entered Level 1 of the Swamp
 20638 | Swamp:1  | Noticed Nikola
 20668 | Swamp:1  | Killed Nikola
 20674 | Swamp:1  | Received a gift from Okawaru
 21017 | Swamp:2  | Found a broken altar of Ashenzari.
 21104 | Swamp:2  | Received a gift from Okawaru
 21408 | Swamp:3  | Found a transporter.
 21410 | Swamp:3  | Noticed Adwoimy's ghost (adept OpSu)
 21689 | Swamp:3  | Reached XP level 17. HP: 123/158 MP: 25/25
 21702 | Swamp:3  | Received a gift from Okawaru
 21826 | Swamp:3  | Found a transporter.
 21829 | Swamp:3  | Found the +4 Cigotuvi's embrace {rMiasma Drain rN+}
 22024 | Swamp:3  | Killed Adwoimy's ghost
 22039 | Swamp:3  | Identified the ring "Totui" {rF+ Int+6 Dex-4 Slay+4}
 22062 | Swamp:3  | Acquired the ring of Zuackout {rPois rC+ Int+6}
 22085 | Swamp:4  | Entered Level 4 of the Swamp
 22659 | Swamp:4  | Reached skill level 20 in Armour
 22661 | Swamp:4  | Received a gift from Okawaru
 22766 | Swamp:4  | Got a decaying rune of Zot
 23036 | Spider:1 | Entered Level 1 of the Spider Nest
 23420 | Spider:3 | Received a gift from Okawaru
 23420 | Spider:3 | Found the +3 pair of mountain boots {steadfast, rC+}
 23444 | Spider:3 | Noticed Arachne
 23466 | Spider:3 | Killed Arachne
 23707 | Spider:3 | Noticed Donald
 23733 | Spider:3 | Killed Donald
 23849 | Spider:3 | Found a runed translucent gate.
 23849 | Spider:3 | Found a runed translucent gate.
 23850 | Spider:3 | Found a runed translucent gate.
 23855 | Spider:3 | Noticed Wauxiq's ghost (adept DsFi)
 23884 | Spider:3 | Killed Wauxiq's ghost
 23887 | Spider:3 | Identified the +6 spear of Kery {flame, +Blink Fly rF++
                  | rC+}
 23912 | Spider:4 | Entered Level 4 of the Spider Nest
 24363 | Spider:4 | Reached XP level 18. HP: 169/170 MP: 27/27
 24385 | Spider:4 | Got a gossamer rune of Zot
 24867 | Spider:2 | Reached skill level 21 in Armour
 24932 | Spider:1 | Noticed Agnes
 24941 | Spider:1 | Killed Agnes
 25146 | Spider:1 | Received a gift from Okawaru
 25886 | Vaults:1 | Entered Level 1 of the Vaults
 25926 | Vaults:1 | Found Gaetuttex's Antique Armour Shop.
 25984 | Vaults:1 | Identified the +9 broad axe "Gadif" {elec, rC++ rCorr Int-2
                  | Stlth+} (Okawaru gifted it to you on level 1 of the Vaults)
 25984 | Vaults:1 | Received a gift from Okawaru
 26585 | Vaults:1 | Received a gift from Okawaru
 26959 | Vaults:2 | Noticed Aizul
 26970 | Vaults:2 | HP: 7/173 [poisoned by Aizul (bolt of poison)]
 26973 | Vaults:2 | Killed Aizul
 26976 | Vaults:2 | Received a gift from Okawaru
 27071 | Vaults:2 | Noticed Frederick
 27082 | Vaults:2 | Killed Frederick
 27174 | Vaults:2 | Received a gift from Okawaru
 27249 | Vaults:2 | Reached XP level 19. HP: 178/181 MP: 29/29
 27289 | Vaults:2 | Noticed Mara
 27300 | Vaults:2 | Noticed bmack86's illusion
 27301 | Vaults:2 | Killed Mara
 27301 | Vaults:2 | Received a gift from Okawaru
 27408 | Vaults:2 | Reached skill level 15 in Invocations
 27413 | Vaults:2 | Received a gift from Okawaru
 27874 | Vaults:2 | Reached skill level 22 in Armour
 28472 | Vaults:3 | Found a staircase to the Crypt.
 29164 | Vaults:3 | Identified the +0 chain mail of Biutsid {*Corrode rElec
                  | Str+4} (Okawaru gifted it to you on level 3 of the Vaults)
 29164 | Vaults:3 | Received a gift from Okawaru
 30041 | Vaults:4 | Found a magical portal.
 30046 | WizLab   | Entered Tukima's Studio
 30100 | WizLab   | HP: 2/185 [+1 triple crossbow of penetration/bolt (25)]
 30100 | WizLab   | Killed from afar by a rakshasa

Illustrated notes

Levels and vault maps discovered:
D:1:      sevenhm_arrival_forest_fort_large_4, layout_basic,
          nrook_loot_triangle, minmay_lizard_pond
D:2:      layout_loops_ring, basic_altar, serial_shops,
          nicolae_shop_temple_entry_statues_fountains
D:3:      layout_basic, ebering_ecumenical_altar_webs, serial_forest,
          infiniplex_forest_lined_corner, infiniplex_forest_lined_1,
          infiniplex_forest_lined_1, infiniplex_forest_clump_small,
          infiniplex_forest_lined_room_3, infiniplex_forest_straight_1,
          infiniplex_forest_lined_room_2, infiniplex_forest_straight_4
D:4:      layout_cave_pools, gammafunk_ghost_arena
D:5:      layout_loops_ring, mainiacjoe_overflow_catwalk, nicolae_specific_store
D:6:      lemuel_ratsnest, layout_rooms, mainiacjoe_overflow_boulevard,
          ebering_ghost_rock_garden, hangedman_abyss_or_decor_stagger,
          serial_park_tiny_1
D:7:      layout_loops_cross, nicolae_overflow_hidden_temple,
          minmay_temple_entry_mist, serial_shops, kennysheep_little_box,
          hangedman_abyss_or_decor_stabs, minmay_misc_feat_iff
D:8:      layout_basic, mainiacjoe_overflow_alcove_4, lemuel_doored_altar,
          serial_shops, shop_fountains, minmay_crystal_water,
          kennysheep_island_fort, uniq_pikel, uniq_joseph, uniq_erica,
          uniq_gastronok
D:9:      layout_stronghold, lemuel_zombie_altar_yredelemnul, uniq_psyche,
          uniq_prince_ribbit1
D:10:     layout_grid_maze, lightli_temple_of_fire, fedhas_ov_isle_minmay,
          dpeg_oklobed_lair, chequers_serial_rivers_micro_e, uniq_grum,
          uniq_maggie
D:11:     layout_irregular_city
D:12:     layout_loops_ring, gammafunk_ghost_ooze,
          hangedman_decor_clover_reticule
D:13:     layout_loops_ring, uniq_rupert, uniq_maurice, uniq_azrael
D:14:     layout_roguey, skrybe_vaults_entry_preservation, serial_bayou_pond_e,
          grunt_ministairs_8, uniq_kirke, uniq_louise
D:15:     grunt_enter_depths_snipers, layout_cave_pools,
          portal_ice_cave_entry_ice_statue_two, minmay_misc_feat_more_columns,
          uniq_jorgrun
Temple:   eino_narrow_crystal_temple
Lair:1:   layout_long_grid
Lair:2:   layout_loops_ring, nicolae_spider_entry_non_spiders,
          serial_bayou_pond_a, uniq_harold
Lair:3:   layout_small_grid, minmay_swamp_entry_reptiles, grunt_megastairs_1
Lair:4:   layout_gridlike, minmay_slime_entry_oklob_open, basic_altar,
          gammafunk_ghost_split, beast_lair_carwin_2
Lair:5:   guppyfry_lair_end_dragon, layout_gridlike,
          hangedman_lair_tendril_chambers
Swamp:1:  layout_falls_marsh, hangedman_swamp_ruin_wall,
          nicolae_swamp_bunyip_nook, uniq_nikola
Swamp:2:  layout_basic_swamp, nicolae_swamp_godswood, swamp_pool4
Swamp:3:  layout_falls_marsh, gammafunk_ghost_mausoleum,
          evilmike_swamp_ruin_house_6
Swamp:4:  swamp_basic_johnstein, layout_basic_swamp, swamp_pool4,
          infiniplex_staircase_pool
Spider:1: layout_cave_pods, nicolae_spider_scorpion_nest, uniq_agnes
Spider:2: layout_spider_delve, drop_trap, einodemon_crawler_minivault
Spider:3: layout_chambers, ebering_ghost_rock_garden, nicolae_spider_nook,
          uniq_mlioglotl, uniq_arachne, uniq_donald
Spider:4: johnstein_spider_rune_arachne_lair, uniq_bai_suzhen
Orc:1:    layout_caves, nicolae_volcano_entry_vermiform, serial_shops,
          shop_fountains, nicolae_shop_hallway_plus, shop, uniq_snorg,
          uniq_fannar
Orc:2:    st_orc_ogre_mass, layout_caves
Vaults:1: nicolae_vaults_network_star, hangedman_vaults_locks,
          vaults_room_grunt_arrival_checkpoint, v_misc_33,
          nicolae_vaults_network_s, v_misc_12, vaults_room_pools,
          v_alt_pattern_1, nicolae_vaults_little_squares_6, layout_vaults_ring,
          serial_shops, nicolae_shop_stone
Vaults:2: nicolae_vaults_display_case, hangedman_vaults_trim,
          grunt_vaults_bifocal, grunt_vaults_hallway_long,
          nicolae_vaults_little_squares_2, nicolae_vaults_border_crossing,
          ontoclasm_vaults_ring_large, vaults_room_pool, vaults_room_hallway,
          layout_vaults_omnigrid, uniq_mara, uniq_frederick, uniq_aizul
Vaults:3: minmay_crypt_entry_simple_statues, vaults_dpeg_spiral,
          hangedman_vaults_stagger, ontoclasm_vaults_bender,
          nicolae_vaults_ninety_degrees, nicolae_vaults_little_squares_3,
          hangedman_vaults_nails, hangedman_vaults_capsules, st_eye, v_misc_3,
          ontoclasm_vaults_twist, grunt_vaults_swirl, vaults_room_hallway,
          layout_vaults_omnibox
Vaults:4: mu_enter_wizlab_1, ontoclasm_vaults_tryst, v_pattern_2, st_squares,
          vaults_room_door_ring, v_rooms_4, nicolae_vaults_disjoint_gnomons,
          nicolae_vaults_yaktaur_gun_rack, v_misc_23, dpeg_vaults_monster_box,
          vaults_dpeg_encased_lava, layout_vaults_chaotic_city, serial_shops,
          shop
WizLab:   wizlab_tukima

Skill      XL: |  1  2  3  4  5  6  7  8  9 10 11 12 13 14 15 16 17 18 19 |
---------------+----------------------------------------------------------+-----
Axes           | 3 4 5 7 8 10 11 13 14 16 17 18 | 18.0
Shields        | 4 5 6 7 9 10 11 12 13 14 16 17 18 20 | 20.0
Armour         | 4 5 6 7 9 10 11 13 14 16 17 18 19 20 21 22 | 22.6
Fighting       | 4 5 6 7 8 10 11 12 13 14 16 17 18 20 | 20.0
Throwing       | 1 2 3 4 5 6 7 8 9 10 | 10.0
Invocations    | 3 5 6 7 9 10 12 13 14 15 | 15.0

Action                   |  1- 3 |  4- 6 |  7- 9 | 10-12 | 13-15 | 16-18 | 19-21 || total
-------------------------+-------+-------+-------+-------+-------+-------+-------++-------
Melee: War axe           |    58 |       |       |       |       |       |       ||    58
       Headbutt          |     6 |    16 |    21 |    64 |   164 |   287 |    83 ||   641
       Broad axe         |       |   130 |   203 |   371 |   708 |  1018 |   256 ||  2686
Throw: Dart              |       |       |       |     5 |       |       |       ||     5
       Javelin           |       |       |       |     6 |       |       |       ||     6
       Throwing net      |       |       |       |     1 |       |       |       ||     1
       Boomerang         |       |       |       |       |     9 |     9 |       ||    18
Invok: Heroism           |       |       |       |     5 |     6 |     6 |     1 ||    18
       Finesse           |       |       |       |     3 |     5 |     4 |     1 ||    13
  Use: Scroll            |     2 |    14 |     3 |    14 |    12 |    11 |     3 ||    59
       Potion            |     1 |       |     1 |       |     1 |     4 |       ||     7
 Stab: Confused          |       |       |       |       |       |     3 |       ||     3
       Distracted        |       |       |       |       |       |     1 |       ||     1
Armor: Scale mail        |    33 |       |       |       |       |       |       ||    33
       Plate armour      |       |    75 |    98 |   236 |   443 |   535 |       ||  1387
       Crystal plate arm |       |       |       |       |       |   201 |   152 ||   353
Dodge: Dodged            |    42 |    33 |    55 |    92 |   190 |   412 |    78 ||   902
Block: Buckler           |    17 |    64 |    94 |       |       |       |       ||   175
       Reflection        |       |       |     6 |    15 |    36 |    54 |    25 ||   136
       Kite shield       |       |       |     2 |   347 |   749 |       |       ||  1098
       Tower shield      |       |       |       |       |     8 |  1716 |   399 ||  2123
